AoeStats
← Crazy_Owl

Four Lakes

507790213Analyzed
1v1 RM · 14d ago on Sep 19, 2026· 48m 41s· 2 players
Game mode
Random Map
Map size
Tiny (2 player)
Population
200
Speed
Normal
Resources
Standard
Victory
Conquest
Starting age
Dark Age
Ending age
Imperial Age
RankedLock teamsTeams togetherTeam positionsShared explorationLock speedFull tech treeHidden civsTurbo modeCheats
Victory
Defeat
🇳🇱 Goths · Netherlands
903
+16
🇳🇴 Aztecs · Norway
906
-16
Crazy_Owl
11:16 Feudal Age
12:55 Wheelbarrow
17:20 Castle Age
15:44 Double-Bit Axe
15:42 Horse Collar
18:25 Bow Saw
22:46 Fishing Lines
23:46 Loom
23:56 Gillnets
26:37 Heavy Plow
29:20 Scale Mail Armor
31:41 Chain Mail Armor
31:37 Forging
33:29 Hand Cart
38:22 Imperial Age
36:31 Iron Casting
36:00 Squires
36:02 Elite Skirmisher
36:07 Pikeman
36:41 Fletching
36:52 Padded Archer Armor
38:28 Man-at-Arms
38:30 Halberdier
40:51 Two-Man Saw
39:57 Long Swordsman
41:05 Conscription
41:20 Two-Handed Swordsman
42:20 Champion
terland
7:08 Loom
10:15 Feudal Age
10:33 Man-at-Arms
11:26 Double-Bit Axe
20:40 Castle Age
19:15 Padded Archer Armor
19:06 Fletching
19:15 Town Watch
20:13 Gold Mining
20:14 Stone Mining
22:15 Bow Saw
22:30 Horse Collar
23:49 Crossbowman
25:26 Bodkin Arrow
25:55 Leather Archer Armor
28:38 Wheelbarrow
35:44 Imperial Age
34:29 Forging
36:05 Scale Mail Armor
41:14 Squires
41:12 Arson
46:43 Eagle Warrior
48:54 Garland Wars
Connection lost

Rejoining the realm…

Still unreachable

The connection could not be restored.

Session expired

The server has moved on; the page needs a fresh start.